 Dungeon Crawl Stone Soup version 0.29-a0-341-g24ffce5b50 (webtiles) character file.

Game seed: 7038641573237933426

5541 Heh the Fighter (level 10, -17/73 HPs)
             Began as an Octopode Hedge Wizard on Apr 21, 2022.
             Was an Initiate of Gozag.
             Killed by the air
             ... invoked by Gastronok
              (40 damage)
             ... on level 1 of the Lair of Beasts.
             The game lasted 00:19:06 (9579 turns).

Heh the Fighter (Octopode Hedge Wizard)             Turns: 9579, Time: 00:19:06

Health: -17/73     AC:  1    Str:  9    XL:     10   Next: 71%
Magic:  18/22      EV: 16    Int: 17    God:    Gozag
Gold:   342        SH:  5    Dex: 16    Spells: 8/25 levels left

rFire   . . .      SeeInvis +   E - +0 morningstar (protect)
rCold   . . .      Faith    .   (no shield)
rNeg    . . .      Spirit   .   b - +0 hat
rPois   .          Reflect  +   y - amulet of reflection
rElec   .          Harm     .   p - ring of see invisible
rCorr   .          Rampage  .   C - ring of willpower
Will    +....                   J - ring of flight
Stlth   +++.......              (no ring)
HPRegen 0.22/turn               (no ring)
MPRegen 0.18/turn               (no ring)
                                (no ring)
                                (no ring)

@: gold aura, flying
A: almost no armour, amphibious, 8 rings, camouflage 1, gelatinous body 1,
(nimble swimmer 1), tentacles
a: Renounce Religion, Potion Petition, Call Merchant, Bribe Branch


You were on level 1 of the Lair of Beasts.
You worshipped Gozag.
Gozag was aware of your devotion.
You visited 3 branches of the dungeon, and saw 11 of its levels.

You collected 599 gold pieces.
You spent 158 gold pieces at shops.
You paid 99 gold pieces to Gozag.

Inventory:

Hand Weapons
 a - a +0 dagger
 u - a +0 vorpal rapier
 x - a +3 morningstar
 E - a +0 morningstar of protection (weapon)
 I - a +0 short sword of venom
 K - a +1 trident of distortion
Missiles
 t - a throwing net
 L - 9 poisoned darts
Armour
 b - a +0 hat (worn)
 v - an orb of energy
 N - a +0 ring mail
 O - a +0 kite shield
Magical Staves
 D - a staff of conjuration
Jewellery
 p - a ring of see invisible (left tentacle)
 y - an amulet of reflection (around mantle)
 z - an amulet of guardian spirit
 C - a ring of willpower (right tentacle)
 J - a ring of flight (on tentacle)
Wands
 s - a wand of acid (11)
 P - a wand of iceblast (9)
 S - a wand of paralysis (6)
Scrolls
 d - 6 scrolls of teleportation
 g - a scroll of enchant weapon {unknown}
 j - 2 scrolls of holy word {unknown}
 n - 2 scrolls of fog {unknown}
 o - a scroll of silence {unknown}
 q - 2 scrolls of blinking
 B - 2 scrolls of amnesia {unknown}
 G - a scroll of vulnerability
 H - a scroll of summoning {unknown}
 Q - a scroll of torment {unknown}
 R - a scroll of identify
Potions
 c - a potion of magic
 e - 4 potions of resistance {unknown}
 f - a potion of ambrosia
 h - 3 potions of brilliance {unknown}
 i - 4 potions of haste {unknown}
 k - 2 potions of flight
 l - 5 potions of curing
 m - 3 potions of heal wounds
 r - 2 potions of degeneration
 w - 4 potions of might
 A - a potion of lignification
 F - 2 potions of attraction {unknown}
 M - a potion of cancellation
 T - a potion of invisibility {unknown}


   Skills:
 + Level 8.8 Fighting
 - Level 0.4 Short Blades
 + Level 4.3 Maces & Flails
 + Level 7.0 Dodging
 - Level 2.6 Stealth
 - Level 8.0 Spellcasting
 + Level 7.6 Conjurations
 - Level 1.0 Summonings
 - Level 1.0 Translocations
 * Level 6.1 Fire Magic


You had 8 spell levels left.
You knew the following spells:

 Your Spells              Type           Power      Damage    Failure   Level
a - Magic Dart            Conj           100%       1d8       1%          1
b - Blink                 Tloc           20%        N/A       11%         2
c - Mephitic Cloud        Conj/Pois/Air  15%        N/A       11%         3
d - Call Imp              Summ           10%        N/A       11%         2
e - Scorch                Fire           54%        2d8       1%          2
f - Flame Wave            Conj/Fire      30%        2d8       6%          4
g - Conjure Flame         Conj/Fire      30%        6-21      1%          3

Your spell library contained the following spells:

 Spells                   Type           Power      Damage    Failure   Level
 Slow                     Hex            24%        N/A       11%         1
 Call Canine Familiar     Summ           10%        N/A       21%         3
 Portal Projectile        Hex/Tloc       16%        N/A       26%         3
 Leda's Liquefaction      Hex/Erth       3%         N/A       71%         4
 Summon Cactus Giant      Summ           5%         N/A       100%        6


Dungeon Overview and Level Annotations

Branches:
Dungeon (9/15)             Temple (1/1) D:6            Lair (1/6) D:8
    Orc: D:9-12

Altars:
Ashenzari
Cheibriados
Gozag
Hepliaklqana
Kikubaaqudgha
Qazlal
Ru
Xom

Shops:
D:2 *   D:5 (

Annotations:
D:8 2 transporters, jlumianski's ghost, novice DsFi
Lair:1 Gastronok


Innate Abilities, Weirdness & Mutations

You cannot wear most types of armour.
You are amphibious.
You can wear up to eight rings at the same time.
Your skin changes colour to match your surroundings (Stealth+).
Your rubbery body absorbs attacks. (AC +1, EV +1)
((You are camouflaged when in or above water. (Stealth+)))
You have tentacles for arms and can constrict up to eight enemies at once.


Message History

Your weapon exudes an aura of protection.
The yak is almost dead.
Casting: Scorch (safe; 1% risk of failure)
Confirm with . or Enter, or press ? or * to list all spells.
Okay, then.
That's the wrong kind of item! (Use * to select it.) Evoke which item? (* to show all) (? for menu, Esc to quit)
Okay, then.
You puncture the yak!
You kill the yak!
The yak misses you.
Aiming: Corrosive Bolt
Press: ? - help, Shift-Dir - straight line, f - Gastronok
Aim: Gastronok, wearing a +1 hat (100% to hit)
The bolt of acid hits the yak!
The yak is moderately wounded.
The bolt of acid hits the yak!
The acid corrodes the yak!
The yak is heavily wounded.
The bolt of acid hits Gastronok!
Gastronok is lightly wounded.
The yak is no longer more vulnerable to fire.
You puncture the yak!
The yak is heavily wounded.
Gastronok mumbles some strange words.
Gastronok puts on a burst of speed!
The yak gores you!
* * * LOW HITPOINT WARNING * * *
Unknown command.
Casting: Scorch (safe; 1% risk of failure)
Confirm with . or Enter, or press ? or * to list all spells.
Okay, then.
Casting: Scorch (safe; 1% risk of failure)
Confirm with . or Enter, or press ? or * to list all spells.
You blink.
You feel stable enough to blink again.
The yak is no longer covered in acid.
Gastronok waves his eye-stalks in wide circles.
The air twists around and strikes you!!!
Ouch! That really hurt!
You die...
Your body crumbles into a pile of gold.

### #####.#### #.......Y##
# #.......+.#### #
#......Y#.@..######### #
####........###.........###
# ...........##
#########...####
###........# ###.....
#.......## ###P## #.$.....#
#### ###w#..## # #.$####
##$#


You could see Gastronok (swift) and a yak.

Vanquished Creatures
  A two-headed ogre (D:8)
  A tengu warrior (D:8)
  A cyclops (D:8)
  A black mamba (Lair:1)
  A cane toad (Lair:1)
  Grum (Lair:1)
  A steam dragon (D:8)
  A yak (Lair:1)
  A water moccasin (D:8)
  An orc warrior (D:9)
  2 sky beasts
  A black bear (D:6)
  2 wolves (Lair:1)
  A centaur (D:7)
  2 ogres
  A kobold brigand (D:8)
  2 necrophages (D:6)
  2 bullfrogs (D:7)
  A gnoll sergeant (D:8)
  3 wights (D:8)
  An orc priest (D:6)
  4 hounds (D:6)
  4 jellies
  3 iguanas
  3 orc wizards
  4 gnolls (D:8)
  6 adders
  2 white imps
  2 worms
  4 dart slugs
  19 orcs
  5 bats
  7 endoplasms
  3 giant cockroaches
  7 goblins
  5 hobgoblins
  6 jackals
  9 kobolds
  4 quokkas
  5 ball pythons
  4 frilled lizards
  6 rats
140 creatures vanquished.

Vanquished Creatures (collateral kills)
  An ogre (D:5)
  3 orcs (D:5)
4 creatures vanquished.

Vanquished Creatures (others)
  3 fungi (Lair:1)
  4 plants (Lair:1)
7 creatures vanquished.

Grand Total: 151 creatures vanquished

Notes
Turn   | Place    | Note
-------+----------+-------------------------------------------
     0 | D:1      | Heh the Octopode Hedge Wizard began the quest for the Orb.
     0 | D:1      | Reached XP level 1. HP: 11/11 MP: 4/4
    65 | D:1      | Reached skill level 1 in Fighting
   128 | D:1      | Reached XP level 2. HP: 18/18 MP: 6/6
   461 | D:1      | Reached XP level 3. HP: 24/24 MP: 7/7
   475 | D:1      | Found a faded altar of an unknown god.
  1336 | D:2      | Found Ygiborr's Assorted Antiques.
  1344 | D:2      | Bought a scroll labelled VAOFIT RAGHE for 21 gold pieces
  1344 | D:2      | Bought a scroll labelled RENU ZIABBAEGG for 21 gold pieces
  1344 | D:2      | Bought a scroll labelled WUMORE LIGI for 21 gold pieces
  1567 | D:2      | Reached XP level 4. HP: 28/30 MP: 9/9
  1570 | D:2      | Learned a level 2 spell: Blink
  1574 | D:2      | Learned a level 3 spell: Mephitic Cloud
  2180 | D:3      | Learned a level 2 spell: Call Imp
  2424 | D:3      | Reached XP level 5. HP: 29/36 MP: 10/10
  3220 | D:4      | Noticed an ogre
  3233 | D:4      | Killed an ogre
  3234 | D:4      | Reached XP level 6. HP: 43/43 MP: 0/12
  3504 | D:5      | Entered Level 5 of the Dungeon
  3524 | D:5      | Reached skill level 1 in Maces & Flails
  3671 | D:5      | Noticed a sky beast
  3702 | D:5      | Killed a sky beast
  3703 | D:5      | Reached XP level 7. HP: 21/49 MP: 5/13
  3706 | D:5      | Learned a level 2 spell: Scorch
  4232 | D:5      | Found Ephiet's Weapon Emporium.
  4244 | D:5      | Bought a +0 morningstar of protection for 95 gold pieces
  4431 | D:6      | Reached skill level 1 in Fire Magic
  4616 | D:6      | Found a staircase to the Ecumenical Temple.
  4659 | D:6      | Noticed a steam dragon
  4692 | Temple   | Entered the Ecumenical Temple
  4901 | D:7      | Reached skill level 5 in Fighting
  4907 | D:7      | Reached XP level 8. HP: 20/55 MP: 2/14
  5153 | D:6      | Reached skill level 5 in Fire Magic
  5153 | D:6      | Reached XP level 9. HP: 64/64 MP: 14/20
  5159 | D:6      | Learned a level 4 spell: Flame Wave
  5163 | D:6      | Learned a level 3 spell: Conjure Flame
  5473 | D:6      | Found a broken altar of Ashenzari.
  5820 | Temple   | Became a worshipper of Gozag Ym Sagoz the Greedy
  7713 | D:8      | Noticed a queen bee
  7823 | D:8      | Found an ancient bone altar of Kikubaaqudgha.
  7823 | D:8      | Noticed a cyclops
  7836 | D:8      | Killed a cyclops
  8118 | D:8      | Found a transporter.
  8123 | D:8      | Noticed a hornet
  8124 | D:8      | Reached XP level 10. HP: 61/72 MP: 22/22
  8124 | D:8      | Noticed jlumianski's ghost (novice DsFi)
  8229 | D:8      | Found a transporter.
  8319 | D:8      | Noticed a two-headed ogre
  8330 | D:8      | Killed a two-headed ogre
  8421 | D:8      | Found a staircase to the Lair.
  8565 | D:8      | Found a shimmering altar of Xom.
  8565 | D:8      | Noticed a tengu warrior
  8576 | D:8      | Killed a tengu warrior
  9058 | Lair:1   | Entered Level 1 of the Lair of Beasts
  9058 | Lair:1   | Noticed a black mamba
  9067 | Lair:1   | Killed a black mamba
  9195 | Lair:1   | Noticed a cane toad
  9207 | Lair:1   | Killed a cane toad
  9417 | Lair:1   | Noticed Grum
  9420 | Lair:1   | Noticed a black mamba
  9423 | Lair:1   | Noticed Gastronok
  9428 | Lair:1   | Killed Grum
  9579 | Lair:1   | Killed from afar by Gastronok

Illustrated notes

Levels and vault maps discovered:
D:1:      heliophobic_arrival_enchanted_forest, layout_loops_ring,
          chequers_ecumenical_altar_simple_redux, grunt_decor_resistance
D:2:      layout_basic, serial_shops, shop, minmay_pentomino_pile
D:3:      layout_basic
D:4:      layout_layer_cave
D:5:      layout_cave_pools, nicolae_wooded_promenade
D:6:      layout_basic, kennysheep_mini, minmay_temple_entry_grid
D:7:      layout_loops_ring
D:8:      layout_loops_ring, lair_entry_dummy, gammafunk_ghost_hive,
          minmay_misc_feat_columns, nrook_campfire, hangedman_feature_mirror
D:9:      layout_roguey, minmay_misc_feat_more_columns
Temple:   mainiacjoe_temple_archimedes_tessellation
Lair:1:   layout_roguey, uniq_gastronok, uniq_grum, uniq_nergalle

Skill      XL: |  1  2  3  4  5  6  7  8  9 10 |
---------------+-------------------------------+-----
Fighting       | 1 2 3 4 5 7 8 |  8.8
Conjurations   | 2 3 4 6 7 |  7.6
Spellcasting   | 4 7 8 |  8.0
Maces & Flails | 1 2 3 4 |  4.3
Fire Magic     | 2 5 6 |  6.1
Dodging        | 6 7 |  7.0
Short Blades   | |  0.4
Stealth        | |  2.6
Summonings     | |  1.0
Translocations | |  1.0

Action                   |  1- 3 |  4- 6 |  7- 9 | 10-12 || total
-------------------------+-------+-------+-------+-------++-------
Melee: Dagger            |    94 |     4 |       |       ||    98
       Constrict         |    25 |    14 |    25 |     1 ||    65
       Tentacles         |    21 |    15 |    31 |     4 ||    71
       Rapier            |       |    31 |       |       ||    31
       Morningstar       |       |    38 |    99 |    13 ||   150
       Punch             |       |       |     1 |       ||     1
 Cast: Magic Dart        |       |     9 |    11 |     5 ||    25
       Mephitic Cloud    |       |     4 |     3 |     2 ||     9
       Call Imp          |       |     4 |     3 |       ||     7
       Blink             |       |     1 |     1 |     1 ||     3
       Scorch            |       |       |    45 |    29 ||    74
       Conjure Flame     |       |       |     4 |     9 ||    13
       Flame Wave        |       |       |     2 |     1 ||     3
Evoke: Wand              |       |       |       |     2 ||     2
  Use: Scroll            |     7 |     3 |     4 |       ||    14
       Potion            |       |       |     1 |       ||     1
 Stab: Sleeping          |    16 |    12 |     6 |       ||    34
       Distracted        |     1 |       |       |       ||     1
       Confused          |       |     2 |     1 |       ||     3
Armor: Skin              |    15 |     4 |    17 |     1 ||    37
Dodge: Dodged            |    50 |    27 |   105 |    12 ||   194
Block: Other             |       |       |    36 |     6 ||    42

Table legend: (Time is in decaauts)
 A = Elapsed time spent in this place.
 B = Non-inter-level travel time spent in this place.
 C = Inter-level travel time spent in this place.
 D = Time resting spent in this place.
 E = Time spent auto-exploring this place.
 F = Levels seen in this place.
 G = Mean time per level.
                   A        B        C        D        E       F      G
               +--------+--------+--------+--------+--------+-----+--------+
         Total |   9640 |   9078 |    562 |   2270 |   5562 |  11 |  876.4 |
       Dungeon |   8998 |   8506 |    492 |   1916 |   5443 |   9 |  999.8 |
        Temple |    120 |     51 |     69 |      0 |     32 |   1 |  120.0 |
          Lair |    522 |    522 |      0 |    354 |     87 |   1 |  522.0 |
               +--------+--------+--------+--------+--------+-----+--------+

Top non-repeatable levels by time:
     D:8: 1917 daAuts
     D:7: 1227 daAuts
     D:6: 1113 daAuts
     D:1: 969 daAuts
     D:5: 920 daAuts
     D:3: 919 daAuts
     D:2: 857 daAuts
     D:4: 771 daAuts
  Lair:1: 522 daAuts
     D:9: 300 daAuts
  Temple: 120 daAuts
